 Dungeon Crawl Stone Soup version 0.19.1-1-g22dce08 (webtiles) character file.

58 12san the Sneak (level 4, -2/30 HPs)
             Began as an Octopode Assassin on Jan 12, 2017.
             Killed from afar by Sigmund (5 damage)
             ... with a puff of flame
             ... on level 3 of the Dungeon.
             The game lasted 00:04:00 (921 turns).

12san the Sneak (Octopode Assassin)                  Turns: 921, Time: 00:04:01

Health: -2/30      AC:  4    Str: 10    XL:     4   Next: 2%
Magic:  4/4        EV: 13    Int: 13    God:
Gold:   89         SH:  0    Dex: 14    Spells: 0 memorised, 3 levels left

rFire  . . .     SeeInvis .     a - +2 dagger
rCold  . . .     Gourm    .     (no shield)
rNeg   . . .     Faith    .     (helmet restricted)
rPois  .         Spirit   .     (no amulet)
rElec  .         Reflect  .     l - +3 ring of protection
rCorr  .         Harm     .     (no ring)
MR     .....                    (no ring)
Stlth  ++++......               (no ring)
                                (no ring)
                                (no ring)
                                (no ring)
                                (no ring)

@: no status effects
A: almost no armour, stealthy swim, amphibious, 8 rings, constrict 8, camouflage
1, gelatinous body 1
a: no special abilities


You were on level 3 of the Dungeon.
You were not hungry.

You visited 1 branch of the dungeon, and saw 3 of its levels.

You collected 89 gold pieces.

Inventory:

Hand Weapons
 a - a +2 dagger (weapon)
 b - a +0 blowgun
Missiles
 c - 8 poisoned needles
 d - 2 curare-tipped needles
Jewellery
 l - a +3 ring of protection (left tentacle)
Scrolls
 e - a scroll of amnesia {unknown}
 k - 3 scrolls of remove curse {unknown}
 m - 2 scrolls of teleportation {unknown}
Potions
 h - a potion of curing {unknown}
 j - a potion of resistance {unknown}
Comestibles
 f - 3 bread rations
 g - a beef jerky
 i - 3 slices of pizza


   Skills:
 + Level 2.4 Fighting
 + Level 2.4 Short Blades
 + Level 2.0 Throwing
 + Level 1.0 Dodging
 + Level 6.8 Stealth


You had 3 spell levels left.
You didn't know any spells.

Dungeon Overview and Level Annotations

Branches:
Dungeon (3/15)

Altars:

Annotations:
D:3 Jessica, Sigmund


Innate Abilities, Weirdness & Mutations

You cannot wear most types of armour.
You are very stealthy in the water. (Stealth+)
You are amphibious.
You can wear up to eight rings at the same time.
You can use your tentacles to constrict eight enemies at once.
Your skin changes colour to match your surroundings (Stealth+).
Your rubbery body absorbs attacks. (AC +1, EV +1)


Message History

You constrict Jessica.
Jessica points at you and mumbles some strange words.
Pain shoots through your body!
* * * LOW HITPOINT WARNING * * *
You release your grip on Jessica.
Jessica gestures wildly while chanting.
Jessica blinks!
Sigmund whispers, "You'll know eternity soon."
Sigmund points at you and mumbles some strange words.
You are confused.
Sigmund screams, "I am the angel of ZOT!!!"
You see here a hand axe.
You bump into the rock wall.
Sigmund laughs darkly.
Sigmund points at you and mumbles some strange words.
You resist with some effort.
You feel less confused. Sigmund gestures at you while chanting.
The puff of flame hits you!
You die...

........
############....###.
....................
#.......###.......$.
#.#####.# #.......(.
#..#.###.........
#....#.†.........
#######.###l####......
#...#.@...#.# .####.
#..##.#.#.#@# $.
#..##.#...#.# ..#
#....@#####.#
#.###...l...# #.#
#.####### #.# #.# #.#
#.# #.# #.#


You could see Sigmund.

Vanquished Creatures
  A gnoll (D:1)
  An adder (D:2)
  An ooze (D:1)
  A worm (D:2)
  An orc (D:3)
  6 bats
  2 giant cockroaches (D:1)
  6 goblins
  3 hobgoblins
  6 kobolds
  3 rats
31 creatures vanquished.

Notes
Turn   | Place    | Note
-------+----------+-------------------------------------------
     0 | D:1      | 12san the Octopode Assassin began the quest for the Orb.
     0 | D:1      | Reached XP level 1. HP: 14/14 MP: 1/1
    39 | D:1      | Reached XP level 2. HP: 11/19 MP: 2/2
    65 | D:1      | Reached skill level 6 in Stealth
   177 | D:1      | Reached XP level 3. HP: 19/24 MP: 3/3
   876 | D:3      | Reached XP level 4. HP: 30/30 MP: 4/4
   887 | D:3      | Noticed Sigmund
   893 | D:3      | Noticed Jessica
   921 | D:3      | Killed from afar by Sigmund

Skill      XL: |  1  2 |
---------------+-------+-----
Stealth        | 6 |  6.8
Fighting       | |  2.4
Short Blades   | |  2.4
Throwing       | |  2.0
Dodging        | |  1.0

Action                   |  1- 3 |  4- 6 || total
-------------------------+-------+-------++-------
Melee: Dagger            |    57 |     4 ||    61
       Tentacles         |     8 |     2 ||    10
       Constrict         |    12 |     1 ||    13
 Stab: Sleeping          |    12 |       ||    12
Armor: Skin              |     7 |       ||     7
Dodge: Dodged            |    29 |     7 ||    36
